 Dungeon Crawl Stone Soup version 0.29-a0-416-g83a48905f1 (webtiles) character file.

Game seed: 4195757759217479510

1791 siradein the Fighter (level 8, -1/69 (79) HPs)
             Began as a Minotaur Fighter on May 16, 2022.
             Was an Initiate of Yredelemnul.
             Slain by Maggie
             ... wielding a +2 war axe of draining
              (2 damage)
             ... on level 7 of the Dungeon.
             The game lasted 00:20:37 (7738 turns).

siradein the Fighter (Minotaur Fighter)             Turns: 7738, Time: 00:20:39

HP:   -1/69 (79)    AC: 12    Str: 22    XL:     8   Next: 82%
MP:   8/8           EV:  7    Int:  7    God:    Yredelemnul [......]
Gold: 121           SH:  5    Dex: 11    Spells: 7/7 levels left

rFire   . . .      SeeInvis .   a - +0 war axe
rCold   . . .      Faith    +   c - +0 buckler
rNeg    . . .      Spirit   .   t - +0 chain mail
rPois   +          Reflect  .   (helmet restricted)
rElec   .          Harm     .   (no cloak)
rCorr   .          Rampage  .   I - +0 pair of gloves of Falluav {Int+2}
Will    +....                   k - +0 pair of boots
Stlth   ..........              H - amulet of faith
HPRegen 0.21/turn               A - ring of poison resistance
MPRegen 0.11/turn               z - ring of willpower

@: mesmerised, heavily drained
A: horns 2, retaliatory headbutt
a: Renounce Religion, Recall Undead Harvest


You were on level 7 of the Dungeon.
You worshipped Yredelemnul.
Yredelemnul was noncommittal.
You visited 2 branches of the dungeon, and saw 8 of its levels.
You also visited: Ossuary.

You collected 358 gold pieces.
You spent 237 gold pieces at shops.

Inventory:

Hand Weapons
 a - a +0 war axe (weapon)
Missiles
 x - 7 javelins (quivered)
Armour
 c - a +0 buckler (worn)
 k - a +0 pair of boots (worn)
 t - a +0 chain mail (worn)
 I - the +0 pair of gloves of Falluav (worn) {Int+2}
   (You bought it in a shop on level 6 of the Dungeon)

   Int:       It affects your intelligence (+2).
Jewellery
 p - a ring of positive energy
 z - a ring of willpower (right hand)
 A - a ring of poison resistance (left hand)
 H - an amulet of faith (around neck)
Wands
 m - a wand of iceblast (8)
Scrolls
 b - 2 scrolls of fog {unknown}
 d - 3 scrolls of torment {unknown}
 h - 7 scrolls of teleportation
 l - 2 scrolls of enchant weapon {unknown}
 n - 2 scrolls of blinking {unknown}
 o - 3 scrolls of immolation {unknown}
 r - 2 scrolls of magic mapping {unknown}
 s - a scroll of amnesia {unknown}
 w - a scroll of vulnerability {unknown}
 y - 3 scrolls of poison {unknown}
 F - a scroll of enchant armour {unknown}
Potions
 e - 4 potions of brilliance
 f - 5 potions of curing
 g - 7 potions of heal wounds
 i - a potion of berserk rage {unknown}
 j - 2 potions of invisibility {unknown}
 q - 2 potions of attraction {unknown}
 u - 6 potions of degeneration
 v - 2 potions of resistance {unknown}
 B - a potion of haste {unknown}
 C - a potion of might
 D - a potion of ambrosia {unknown}
 E - 2 potions of mutation
 G - a potion of flight {unknown}


   Skills:
 + Level 9.7 Fighting
 + Level 9.4 Axes
 + Level 4.5 Armour
 + Level 4.5 Shields
 + Level 2.0 Invocations


You had 7 spell levels left.
You didn't know any spells.
Your spell library contained the following spells:

 Spells                   Type           Power      Damage    Failure   Level
 Sandblast                Erth           0%         2d4       99%         1
 Corpse Rot               Necr/Air       0%         N/A       100%        2
 Passwall                 Tmut/Erth      0%         N/A       100%        2
 Poisonous Vapours        Pois/Air       0%         N/A       100%        2
 Ignite Poison            Fire/Tmut/Pois 0%         N/A       100%        3
 Mephitic Cloud           Conj/Pois/Air  0%         N/A       100%        3
 Stone Arrow              Conj/Erth      0%         3d7       100%        3
 Freezing Cloud           Conj/Ice/Air   0%         6-21      100%        5


Dungeon Overview and Level Annotations

Branches:
Dungeon (7/15)             Temple (1/1) D:4         Ossuary (visited)

Altars:
Ashenzari
Cheibriados
Dithmenos
Elyvilon
Fedhas
Hepliaklqana
Kikubaaqudgha
Makhleb
Nemelex Xobeh
Okawaru
Ru
Sif Muna
Trog
Uskayaw
Wu Jian
Yredelemnul
Zin
The Shining One

Shops:
D:6 [

Annotations:
D:2 1 runed translucent door, Crazy Yiuf
D:5 3 runed translucent doors, Foxy's ghost, novice PaFi; SkeletonJelly's ghost, amateur DrMo; Skinx's ghost, weakling DsDe; a11behringer's ghost, amateur MiFi; trckry's ghost, novice DsWn
D:7 Maggie


Innate Abilities, Weirdness & Mutations

You have a pair of horns on your head.
You reflexively headbutt those who attack you in melee.


Message History

Maggie is moderately wounded.
Maggie barely misses you.
Maggie hits your orc warrior zombie with a +2 war axe of draining.
Maggie hits your orc zombie with a +2 war axe of draining.
Your orc zombie is destroyed!
Your orc warrior zombie hits Maggie but does no damage.
Unknown command.
Unknown command.
You feel much better.
Maggie hits you with a +2 war axe of draining.
You feel drained.
Maggie hits your orc warrior zombie with a +2 war axe of draining!
Maggie hits your spectral white imp with a +2 war axe of draining.
Your spectral white imp is destroyed!
Your orc warrior zombie hits Maggie but does no damage.
Unknown command.
You are too injured to fight recklessly!
You are too injured to fight recklessly!
You are too injured to fight recklessly!
You are too injured to fight recklessly!
You slash Maggie! You headbutt Maggie, but do no damage.
Maggie is heavily wounded.
You block Maggie's attack.
Maggie hits your orc warrior zombie with a +2 war axe of draining!
Your orc warrior zombie is destroyed!
Unknown command.
Unknown command.
Unknown command.
You barely miss Maggie.
Maggie is heavily wounded.
Maggie gestures at you while chanting. The bolt of fire hits you!!
* * * LOW HITPOINT WARNING * * *
You barely miss Maggie. Your headbutt misses Maggie.
Maggie is heavily wounded.
Maggie hits you with a +2 war axe of draining.
* * * LOW HITPOINT WARNING * * *
You feel drained.
You die...
Your body rises from the dead as a mindless zombie.

#########..###...## ####
##..#...... .. ...#####
##...##..###. .
.......###...###.....#..
...###..#..............#
#### ##...#....#.......#
##...####..........
##...## #)@....#
##..#.#######@....#
#.>........)).....#
#######.#####........
#..............
###########.### .# #


You could see Maggie (mesmerising).

Vanquished Creatures
  Sigmund (D:6)
  A wyvern (D:6)
  A water moccasin (D:6)
  A black bear (D:5)
  2 orc warriors
  A centaur (D:5)
  A bullfrog (D:6)
  A necrophage (D:7)
  4 scorpions (D:5)
  4 killer bees (D:7)
  A centaur zombie (Ossuary)
  A human zombie (Ossuary)
  A hound (D:5)
  An orc priest (D:4)
  4 orc wizards
  5 mummies (Ossuary)
  3 gnolls
  5 adders
  2 white imps
  A worm (D:4)
  3 dart slugs
  14 orcs
  6 endoplasms
  2 giant cockroaches (D:3)
  8 goblins
  5 hobgoblins
  3 jackals (D:4)
  3 quokkas
  6 ball pythons
  5 bats
  3 frilled lizards
  2 goblin zombies (Ossuary)
  2 hobgoblin zombies (Ossuary)
  5 kobolds
  A kobold zombie (Ossuary)
  An orc zombie (Ossuary)
  7 rats
117 creatures vanquished.

Vanquished Creatures (collateral kills)
  An orc wizard (D:7)
  A jackal (D:4)
2 creatures vanquished.

Vanquished Creatures (others)
  A scorpion zombie (D:5)
  3 killer bee zombies (D:7)
  A necrophage zombie (D:7)
  3 orc zombies (D:7)
  A spectral white imp (D:7)
  A spectral endoplasm (D:4)
10 creatures vanquished.

Grand Total: 129 creatures vanquished

Notes
Turn   | Place    | Note
-------+----------+-------------------------------------------
     0 | D:1      | siradein the Minotaur Fighter began the quest for the Orb.
     0 | D:1      | Reached XP level 1. HP: 19/19 MP: 0/0
   278 | D:1      | Reached XP level 2. HP: 27/27 MP: 1/1
  1173 | D:2      | Found a faded altar of an unknown god.
  1241 | D:2      | Reached XP level 3. HP: 6/34 MP: 2/2
  2209 | D:2      | Reached XP level 4. HP: 36/41 MP: 3/3
  2318 | D:2      | Reached skill level 5 in Fighting
  2397 | D:2      | Found a runed translucent door.
  2398 | D:2      | Noticed Crazy Yiuf
  3519 | D:4      | Reached XP level 5. HP: 47/48 MP: 4/4
  3553 | D:4      | Reached skill level 5 in Axes
  3655 | D:4      | Found a staircase to the Ecumenical Temple.
  3671 | Temple   | Entered the Ecumenical Temple
  3721 | Temple   | Became a worshipper of Yredelemnul the Dark
  3838 | D:4      | You fall into a shaft and drop 2 floors!
  3996 | D:6      | Noticed a wyvern
  4006 | D:6      | Killed a wyvern
  4007 | D:6      | Reached XP level 6. HP: 37/58 MP: 5/5
  4126 | D:5      | Entered Level 5 of the Dungeon
  4298 | D:5      | Reached * piety under Yredelemnul
  4374 | D:5      | Found a sand-covered staircase.
  4382 | Ossuary  | Entered an ossuary
  4419 | Ossuary  | Reached XP level 7. HP: 66/66 MP: 6/6
  6320 | D:5      | Found a runed translucent gate.
  6320 | D:5      | Found a runed translucent gate.
  6320 | D:5      | Found a runed translucent gate.
  6323 | D:5      | Noticed a11behringer's ghost (amateur MiFi)
  6323 | D:5      | Noticed Skinx's ghost (weakling DsDe)
  6324 | D:5      | Noticed Foxy's ghost (novice PaFi)
  6325 | D:5      | Noticed SkeletonJelly's ghost (amateur DrMo)
  6325 | D:5      | Noticed trckry's ghost (novice DsWn)
  6480 | D:6      | Noticed Sigmund
  6488 | D:6      | Killed Sigmund
  6489 | D:6      | Reached XP level 8. HP: 66/77 MP: 7/7
  7213 | D:6      | Found Faprem's Antique Armour Shop.
  7219 | D:6      | Bought a pair of crude gloves for 237 gold pieces
  7219 | D:6      | Identified the +0 pair of gloves of Falluav {Int+2} (You
                  | bought it in a shop on level 6 of the Dungeon)
  7408 | D:7      | Reached skill level 1 in Invocations
  7612 | D:7      | Noticed Maggie
  7738 | D:7      | HP: 1/71 [Maggie/+2 war axe of draining (6)]
  7738 | D:7      | Slain by Maggie

Illustrated notes

Levels and vault maps discovered:
D:1:      nicolae_arrival_somewhat_less_tricky_arrival, layout_basic,
          hangedman_decor_clover_reticule
D:2:      layout_loops_ring, nicolae_ecumenical_pavilion,
          uniq_crazy_yiuf_cottage
D:3:      layout_loops_cross, minmay_increasing_density
D:4:      layout_loops_ring, minmay_temple_entry_statues_fountains,
          chequers_serial_rivers_room_a
D:5:      cheibrodos_helix_gallery, layout_basic, gammafunk_ghost_cemetery,
          nicolae_ossuary_entry_plus
D:6:      layout_basic, serial_shops, nicolae_shop_stone, uniq_sigmund
D:7:      layout_rooms, overflow_temple_1_default, dreamdust_gnoll_farm,
          uniq_maggie
Temple:   kilobyte_greek_temple

Skill      XL: |  1  2  3  4  5  6  7  8 |
---------------+-------------------------+-----
Fighting       | 4 5 6 7 8 9 |  9.7
Axes           | 3 4 6 8 9 |  9.4
Armour         | 4 |  4.5
Shields        | 4 |  4.5
Invocations    | 2 |  2.0

Action                   |  1- 3 |  4- 6 |  7- 9 || total
-------------------------+-------+-------+-------++-------
Melee: War axe           |    83 |   113 |   179 ||   375
       Headbutt          |     3 |    18 |    36 ||    57
  Use: Scroll            |     1 |       |     3 ||     4
       Potion            |       |     1 |     1 ||     2
Armor: Scale mail        |    30 |    18 |       ||    48
       Chain mail        |       |    46 |    80 ||   126
Dodge: Dodged            |    35 |    28 |    63 ||   126
Block: Buckler           |    21 |    27 |    38 ||    86

Table legend: (Time is in decaauts)
 A = Elapsed time spent in this place.
 B = Non-inter-level travel time spent in this place.
 C = Inter-level travel time spent in this place.
 D = Time resting spent in this place.
 E = Time spent auto-exploring this place.
 F = Levels seen in this place.
 G = Mean time per level.
                   A        B        C        D        E       F      G
               +--------+--------+--------+--------+--------+-----+--------+
         Total |   7830 |   7637 |    193 |   1090 |   4994 |   9 |  870.0 |
       Dungeon |   7196 |   7003 |    193 |    928 |   4721 |   7 | 1028.0 |
        Temple |     84 |     84 |      0 |      0 |     41 |   1 |   84.0 |
       Ossuary |    548 |    548 |      0 |    162 |    232 |   1 |  548.0 |
               +--------+--------+--------+--------+--------+-----+--------+

Top non-repeatable levels by time:
     D:1: 1443 daAuts
     D:6: 1328 daAuts
     D:5: 1201 daAuts
     D:2: 1144 daAuts
     D:3: 979 daAuts
     D:4: 806 daAuts
 Ossuary: 548 daAuts
     D:7: 292 daAuts
  Temple: 84 daAuts
